 Dungeon Crawl Stone Soup version 0.31-a0-848-gaac375c287 (webtiles) character file.

Game seed: 12268328530656786735

212168 Dirtsage the Severer (level 18, -2/151 HPs)
             Began as a Demonspawn Berserker on Oct 4, 2023.
             Was the Champion of Trog.
             Slain by Donald
             ... wielding a +1 eveningstar of holy wrath
              (40 damage)
             ... on level 2 of the Shoals.
             The game lasted 01:17:29 (28576 turns).

Dirtsage the Severer (Demonspawn Berserker)        Turns: 28576, Time: 01:17:30

Health: -2/151     AC: 29    Str: 27    XL:     18   Next: 23%
Magic:  18/18      EV: 12    Int: 17    God:    Trog [******]
Gold:   1648       SH: 15    Dex: 16    Spells: 17/17 levels left

rFire   . . .        U - +4 broad axe (vamp)
rCold   + + .        c - +2 kite shield {reflect}
rNeg    . . .        V - +1 plate armour "Xiankos" {rF- Regen+ Int+6}
rPois   +            (helmet unavailable)
rElec   +            H - scarf "Ipushryrgh" {rC+ rF+, rElec rPois Regen+ Str+4}
rCorr   .            v - +0 pair of gloves {Dex+3}
SInv    +            z - +3 pair of mountain boots {steadfast, rC+}
Will    +....        a - amulet of regeneration Stlth
                     y - ring of flight
HPRegen 2.85/turn    T - +4 ring of protection
MPRegen 0.16/turn

%: reflection
@: flying, mesmerised, studying 2 skills
A: antennae 3, rugged brown scales 3, foul stench 3, powered by death 3
}: 1/15 runes: serpentine
a: Renounce Religion, Berserk, Trog's Hand, Brothers in Arms


You were on level 2 of the Shoals.
You worshipped Trog.
Trog was exalted by your worship.
You visited 6 branches of the dungeon, and saw 29 of its levels.
You also visited: Ice Cave.

You collected 3271 gold pieces.
You spent 1623 gold pieces at shops.

Inventory:

Hand Weapons
 O - a +3 broad axe of flaming
 U - a +4 vampiric broad axe (weapon)
Missiles
 f - 8 silver javelins
 x - a throwing net
 G - a curare-tipped dart
Armour
 c - a +2 kite shield of reflection (worn)
 p - +0 gold dragon scales
 v - a +0 pair of gloves of dexterity (worn)
 z - the +3 pair of mountain boots (worn) {steadfast, rC+}
   (You acquired it on level 1 of the Orcish Mines)

   Steadfast: It prevents involuntary movement, except for blinking,
   teleportation, or banishment.
   rC+:       It protects you from cold.
 H - the scarf "Ipushryrgh" (worn) {rC+ rF+, rElec rPois Regen+ Str+4}
   (You found it on level 9 of the Dungeon)

   Str+4:     It affects your strength (+4).
   rElec:     It insulates you from electricity.
   rPois:     It protects you from poison Regen+: It increases your rate of
   health regeneration.
 V - the +1 plate armour "Xiankos" (worn) {rF- Regen+ Int+6}
   (You found it on level 2 of the Lair of Beasts)

   Int+6:     It affects your intelligence (+6).
   rF-:       It makes you vulnerable to fire.
   Regen+:    It increases your rate of health regeneration.
Jewellery
 a - an amulet of regeneration (around neck)
 y - a ring of flight (left hand)
 I - a +5 ring of evasion
 N - a ring of positive energy
 R - an amulet of reflection
 T - a +4 ring of protection (right hand)
 W - a ring of wizardry
Wands
 b - a wand of quicksilver (49)
 k - a wand of paralysis (24)
 r - a wand of polymorph (22)
 C - a wand of mindburst (17)
 D - a wand of digging (7)
 K - a wand of flame (28)
Scrolls
 e - 2 scrolls of noise
 g - 6 scrolls of fear
 i - 2 scrolls of identify
 l - a scroll of enchant weapon
 m - 2 scrolls of enchant armour
 s - 9 scrolls of revelation
 t - 5 scrolls of teleportation
 u - 3 scrolls of summoning
 w - 2 scrolls of amnesia
 A - 7 scrolls of fog
 B - 6 scrolls of blinking
 L - 2 scrolls of poison
 S - 3 scrolls of vulnerability
 X - 2 scrolls of immolation
 Y - 3 scrolls of brand weapon
 Z - 3 scrolls of torment
Potions
 d - 3 potions of might
 h - 8 potions of haste
 j - 7 potions of brilliance
 n - 3 potions of resistance
 o - 5 potions of mutation
 q - 14 potions of curing
 E - 3 potions of ambrosia
 F - a potion of invisibility
 J - 2 potions of cancellation
 M - 2 potions of berserk rage
 Q - a potion of magic


   Skills:
 + Level 12.6 Fighting
 + Level 19.4 Axes
 + Level 11.3 Armour
 + Level 11.1 Dodging
 + Level 12.6 Shields
 * Level 9.7 Shapeshifting


You had 17 spell levels left.
You didn't know any spells.
Your spell library contained the following spells:

 Spells                   Type           Power      Damage    Failure   Level
 Apportation              Tloc           0%         N/A       96%         1
 Foxfire                  Conj/Fire      0%         2x1d4     96%         1
 Necrotise                Necr           0%         1d4       96%         1
 Sandblast                Erth           0%         2d4       96%         1
 Shock                    Conj/Air       0%         1d3       96%         1
 Summon Small Mammal      Summ           0%         N/A       96%         1
 Blink                    Tloc           0%         N/A       99%         2
 Cigotuvi's Dreadful Rot  Necr/Pois/Air  0%         N/A       99%         2
 Lesser Beckoning         Tloc           0%         N/A       99%         2
 Momentum Strike          Conj/Tloc      0%         3d8       99%         2
 Passwall                 Tmut/Erth      0%         N/A       99%         2
 Poisonous Vapours        Pois/Air       0%         N/A       99%         2
 Sublimation of Blood     Necr           0%         N/A       99%         2
 Call Canine Familiar     Summ           0%         N/A       100%        3
 Dazzling Flash           Conj/Hex       0%         N/A       100%        3
 Hailstorm                Conj/Ice       0%         3d3       100%        3
 Mephitic Cloud           Conj/Pois/Air  0%         N/A       100%        3
 Ozocubu's Armour         Ice            0%         N/A       100%        3
 Stone Arrow              Conj/Erth      0%         3d7       100%        3
 Summon Guardian Golem    Hex/Summ       0%         N/A       100%        3
 Swiftness                Air            0%         N/A       100%        3
 Volatile Blastmotes      Fire/Tloc      0%         2d10      100%        3
 Airstrike                Air            0%         2d(0-16)  100%        4
 Animate Dead             Necr           0%         N/A       100%        4
 Brom's Barrelling Bould  Conj/Erth      0%         2d3       100%        4
 Dispel Undead            Necr           0%         3d6       100%        4
 Petrify                  Tmut/Erth      0%         N/A       100%        4
 Summon Ice Beast         Ice/Summ       0%         N/A       100%        4
 Freezing Cloud           Conj/Ice/Air   0%         6-21      100%        5
 Irradiate                Conj/Tmut      0%         3d11      100%        5
 Metabolic Englaciation   Hex/Ice        0%         N/A       100%        5
 Bombard                  Conj/Erth      0%         9d1       100%        6
 Death Channel            Necr           0%         N/A       100%        6
 Plasma Beam              Fire/Air       0%         2x1d10    100%        6
 Simulacrum               Ice/Necr       0%         N/A       100%        6
 Starburst                Conj/Fire      0%         6d3       100%        6
 Haunt                    Necr/Summ      0%         N/A       100%        7
 Ignition                 Fire           0%         3d3       100%        8
 Infestation              Necr           0%         N/A       100%        8
 Maxwell's Capacitive Co  Air            0%         ∞         100%        8


Dungeon Overview and Level Annotations

Branches:
Dungeon (15/15)            Temple (1/1) D:4            Lair (5/5) D:10
 Shoals (2/4) Lair:2        Snake (4/4) Lair:2        Slime (0/5) Lair:4
    Orc (2/2) D:9             Elf (0/3) Orc:2        Vaults (0/5) D:13
 Depths (0/4) D:15          IceCv (visited)

Altars:
Ashenzari
Cheibriados
Dithmenos
Fedhas
Gozag
Hepliaklqana
Kikubaaqudgha
Makhleb
Nemelex Xobeh
Okawaru
Qazlal
Ru
Sif Muna
Trog
Uskayaw
Vehumet
Wu Jian
Xom
Yredelemnul
Jiyva

Shops:
D:8 [   D:11 *   Orc:1 *   Orc:2 *:?**   Shoals:1 (   Snake:1 [   Snake:3 :

Portals:
Abyss: D:12

Annotations:
D:12 2 transporters, Eraisuh's ghost, journeyman MfSh
Shoals:2 Donald


Innate Abilities, Weirdness & Mutations

You have a pair of large antennae on your head. (SInv)
You are completely covered in rugged brown scales. (AC +3, +7% HP)
You frequently emit foul miasma when damaged in melee.
You regenerate a lot of health from kills.


Message History

Donald casts a spell.
Donald seems to grow stronger.
The merfolk avatar chants its luring song.
You regained 3 hp, and now have 146/151 hp.
You hit Donald.
Donald is moderately wounded.
Your boots keep you from being lured by song.
You block Donald's attack.
The merfolk avatar chants its luring song.
You regained 2 hp, and now have 148/151 hp.
You barely miss Donald.
Donald is moderately wounded.
Donald hits you with a +1 eveningstar of holy wrath!!
You convulse.
You take 35 damage, and have 113/151 hp.
MASSIVE DAMAGE!!
Donald blocks your attack.
Donald is moderately wounded.
Donald hits you with a +1 eveningstar of holy wrath.
You convulse.
The merfolk avatar chants its luring song.
You take 6 damage, and have 107/151 hp.
Donald blocks your attack.
Donald is moderately wounded.
Donald hits you with a +1 eveningstar of holy wrath!!
You convulse!!
You emit a cloud of foul miasma!
The merfolk avatar chants its luring song.
You take 41 damage, and have 66/151 hp.
MASSIVE DAMAGE!!
You are too injured to fight recklessly!
You are too injured to fight recklessly!
You are too injured to fight recklessly!
Okay, then.
Your troll goes berserk!
Your boots keep you from being lured by song.
Donald is engulfed in dark miasma.
Donald is poisoned.
Donald hits you with a +1 eveningstar of holy wrath!!
* * * LOW HITPOINT WARNING * * *
You convulse!!!
You die...
Donald says, "Well, maybe you weren't so bad after all."

≈≈≈≈≈≈≈≈~~~~
≈~~~...~~~~~≈≈≈≈≈≈≈≈P..~
≈~~[...~~~~~~≈≈≈≈PP~~..P
~~~.......<~~~≈≈PPP~~..~
~~~~~≈≈≈~~~~.........~~~~~~P)<.)~
.~~~~~~~~~......~...~m~~PP.......
...~~~~~~~~~~~.....~~~~~~...P....
...~~~~~~~~~~~~@†..~~~~~~P.....P.
~~~~~~~~~~~~~~..@......~~~##..##.
~.~~~~~~~~~...........~~~~.#...#.
~~~~~~~~~~...~.T......~~~~~~~~~~~
~~~~~~..~~......####....~~~P~~..~
~~~~.....~...~~..##.....~~P~~~~~~
~~~~......~..~..~...~~~~~~P~~~~~P
~~~~.........~.....~~~~~..~~P..~~
~....###...~≈≈~...~~~~~~~~P~....P
.##### ##.~~~~~.....~~~~P~~~~...~


You could see a merfolk avatar (mesmerising), Donald (fast, strong, poisoned,
ally target) and a friendly troll (summoned, berserk).

Vanquished Creatures
  Vashnia (Snake:2)
  Saint Roka (Snake:4)
  Rupert (Orc:2)
  A kraken (Shoals:1)
  Ilsuiw (Shoals:2)
  Kirke (Lair:4)
  7 nagarajas (Snake:4)
  A frost giant (IceCv)
  Louise (Snake:2)
  2 deep elf sorcerers (Shoals:1)
  Nessos (D:13)
  A minotaur (Lair:4)
  A dire elephant (D:15)
  Snorg (Lair:4)
  2 merfolk impalers (Shoals:2)
  A merfolk javelineer (Shoals:2)
  Josephine (D:15)
  A fire dragon (D:14)
  The ghost of orangepiccolo the Cleaver, a journeyman MiBe of Trog (D:11)
  Fannar (Lair:2)
  2 salamander tyrants
  2 catoblepae
  6 centaur warriors
  16 anacondas
  An ogre mage (D:15)
  5 hydras
  Erica (D:9)
  3 merfolk aquamancers
  A death knight (D:13)
  6 two-headed ogres
  19 naga warriors
  Urug (Lair:4)
  2 tengu warriors (D:14)
  6 death yaks (IceCv)
  4 shock serpents
  4 skysharks
  24 naga sharpshooters
  2 deep elf knights (Shoals:1)
  7 skeletal warriors
  8 sea snakes
  A salamander mystic (Snake:4)
  Lodul (D:13)
  9 naga ritualists
  4 orc knights
  A steelbarb worm (shapeshifter) (D:13)
  6 deep elf pyromancers
  2 deep elf zephyrmancers (Shoals:1)
  10 harpies (Shoals:1)
  9 mana vipers
  A lindwurm (Lair:4)
  An oklob plant (D:10)
  26 ugly things
  An orc sorcerer (Orc:1)
  8 cyclopes
  A wolf spider (D:15)
  7 manticores
  7 fauns
  12 salamanders
  6 merfolk sirens
  An ice statue (IceCv)
  30 black mambas
  7 naga magi
  Joseph (D:7)
  3 elephants (Lair:1)
  8 guardian serpents
  A torpor snail (Lair:5)
  Maggie (D:9)
  A gargoyle (D:14)
  15 komodo dragons
  11 cane toads
  3 rime drakes
  A rime drake (shapeshifter) (D:14)
  2 freezing wraiths
  A yaktaur (D:15)
  2 ice devils (D:13)
  16 polar bears
  8 trolls
  4 meliai (D:14)
  6 merfolk
  5 hornets (Lair:5)
  8 blink frogs
  4 wind drakes
  5 snapping turtles
  A dream sheep (Lair:5)
  7 slime creatures
  11 spriggans (Lair:5)
  8 water elementals
  43 yaks
  16 humans (D:13)
  6 wraiths
  2 shadows (D:11)
  6 hogs (Lair:4)
  4 wyverns
  6 basilisks
  A steam dragon (D:8)
  Menkaure (D:5)
  10 vampire mosquitoes
  47 nagas
  2 wargs (Snake:4)
  6 water moccasins
  2 acid dragons
  A floating eye (D:14)
  36 orc warriors
  A sky beast (D:8)
  A sky beast (shapeshifter) (D:14)
  2 ice beasts
  13 black bears
  7 ogres
  45 wolves
  23 centaurs
  11 boggarts
  A phantom (D:7)
  2 kobold brigands
  3 scorpions
  17 bullfrogs
  4 wights (D:7)
  12 killer bees
  6 howler monkeys
  9 electric eels
  2 jellies
  A gnoll bouda (Orc:1)
  16 orc priests
  2 hounds
  6 hell rats (Lair:4)
  6 iguanas
  22 orc wizards
  Ijyb (D:3)
  7 gnolls
  11 adders
  A shadow imp (D:7)
  3 white imps
  A worm (D:2)
  2 dart slugs
  74 orcs
  9 endoplasms
  6 giant cockroaches
  3 goblins
  4 hobgoblins
  3 jackals (D:5)
  17 kobolds
  3 quokkas
  10 ball pythons
  7 bats
  6 frilled lizards
  5 rats
  2 tentacles (Shoals:1)
1008 creatures vanquished.

Vanquished Creatures (others)
  3 naga sharpshooters
  A deep elf pyromancer (Shoals:1)
  A tengu conjurer (D:15)
  A naga (Snake:4)
  10 tentacles (Shoals:1)
16 creatures vanquished.

Grand Total: 1024 creatures vanquished

Notes
Turn   | Place    | Note
-------+----------+-------------------------------------------
     0 | D:1      | Dirtsage the Demonspawn Berserker began the quest for the
                  | Orb.
     0 | D:1      | Reached XP level 1. HP: 18/18 MP: 1/1
   205 | D:1      | Reached skill level 3 in Axes
   304 | D:1      | Found a faded altar of an unknown god.
   397 | D:1      | Gained mutation: You are partially covered in rugged brown
                  | scales. (AC +1, +3% HP) [demonic ancestry]
   397 | D:1      | Reached XP level 2. HP: 18/24 MP: 2/2
  1087 | D:2      | Reached XP level 3. HP: 26/29 MP: 3/3
  1094 | D:2      | Reached skill level 4 in Axes
  1542 | D:2      | Reached ** piety under Trog
  1900 | D:3      | Found an ornate altar of the Wu Jian Council.
  1959 | D:3      | Gained mutation: You may rarely emit foul miasma when
                  | damaged in melee. [demonic ancestry]
  1959 | D:3      | Reached XP level 4. HP: 36/36 MP: 4/4
  1967 | D:3      | Reached skill level 5 in Axes
  2182 | D:3      | Reached XP level 5. HP: 36/42 MP: 5/5
  2456 | D:3      | Noticed Ijyb
  2476 | D:3      | Killed Ijyb
  2820 | D:3      | Found a bloodstained altar of Trog.
  2974 | D:3      | Reached *** piety under Trog
  3234 | D:4      | Found an opulent altar of Gozag.
  3391 | D:4      | Noticed a black bear
  3400 | D:4      | Killed a black bear
  3401 | D:4      | Reached skill level 6 in Axes
  3401 | D:4      | Gained mutation: You sometimes emit foul miasma when
                  | damaged in melee. [demonic ancestry]
  3401 | D:4      | Reached XP level 6. HP: 48/48 MP: 6/6
  3440 | D:4      | Found a staircase to the Ecumenical Temple.
  3533 | D:4      | HP: 2/48 [poisoned by an orc priest]
  3823 | D:4      | Reached skill level 7 in Axes
  4051 | D:4      | Gained mutation: You have a pair of small antennae on your
                  | head. [demonic ancestry]
  4051 | D:4      | Reached XP level 7. HP: 30/53 MP: 7/7
  4516 | Temple   | Entered the Ecumenical Temple
  4549 | D:5      | Entered Level 5 of the Dungeon
  4704 | D:5      | Reached skill level 8 in Axes
  5007 | D:5      | Reached **** piety under Trog
  5008 | D:5      | Reached skill level 9 in Axes
  5008 | D:5      | Gained mutation: You have a pair of antennae on your head.
                  | [demonic ancestry]
  5008 | D:5      | Reached XP level 8. HP: 59/59 MP: 8/8
  5433 | D:5      | Noticed Menkaure
  5440 | D:5      | Killed Menkaure
  5441 | D:5      | Reached skill level 1 in Shields
  5925 | D:6      | Identified the +6 trident "Qoceshri" {chaos, rN++ Int+4}
  6248 | D:6      | Reached skill level 10 in Axes
  6762 | D:6      | You fall into a shaft and drop 3 floors!
  6766 | D:9      | Found a snail-covered altar of Cheibriados.
  6788 | D:9      | Identified the scarf "Ipushryrgh" {rC+ rF+, rElec rPois
                  | Regen+ Str+4}
  6820 | D:9      | Found a blossoming altar of Fedhas.
  6895 | D:9      | Reached XP level 9. HP: 24/64 MP: 9/9
  6951 | D:9      | Reached skill level 11 in Axes
  6997 | D:9      | Noticed Erica
  7139 | D:9      | Noticed Maggie
  7185 | D:9      | Killed Maggie
  7186 | D:9      | Reached skill level 5 in Shields
  7355 | D:9      | Found an iron altar of Okawaru.
  7445 | D:9      | Killed Erica
  7446 | D:9      | Reached skill level 12 in Axes
  7446 | D:9      | Gained mutation: You regenerate a little health from kills.
                  | [demonic ancestry]
  7446 | D:9      | Reached XP level 10. HP: 72/72 MP: 10/10
  7609 | D:8      | Noticed a two-headed ogre
  7627 | D:8      | Killed a two-headed ogre
  7700 | D:8      | Found a stormy altar of Qazlal.
  7739 | D:8      | Found Zuzuonud's Antique Armour Shop.
  8105 | D:6      | Found a broken altar of Ashenzari.
  8508 | D:7      | Reached ***** piety under Trog
  8622 | D:7      | Noticed Joseph
  8638 | D:7      | Killed Joseph
  8639 | D:7      | Reached skill level 13 in Axes
  8833 | D:7      | Found a sparkling altar of Nemelex Xobeh.
  9036 | D:8      | Received a gift from Trog
  9163 | D:8      | Found a hazy altar of Hepliaklqana.
  9877 | D:9      | Found a staircase to the Orcish Mines.
  9912 | D:10     | Entered Level 10 of the Dungeon
 10125 | D:10     | Found a staircase to the Lair.
 10126 | D:10     | Noticed an oklob plant
 10142 | D:10     | Killed an oklob plant
 10749 | D:10     | Reached XP level 11. HP: 79/79 MP: 11/11
 10884 | Lair:1   | Entered Level 1 of the Lair of Beasts
 11845 | Lair:2   | Noticed a catoblepas
 11867 | Lair:2   | Killed a catoblepas
 11905 | Lair:2   | Reached skill level 5 in Fighting
 11966 | Lair:2   | Noticed a skyshark
 11977 | Lair:2   | Killed a skyshark
 12084 | Lair:2   | Noticed Fannar
 12119 | Lair:2   | Killed Fannar
 12120 | Lair:2   | Reached skill level 14 in Axes
 12228 | Lair:2   | Found a staircase to the Shoals.
 12500 | Lair:2   | Gained mutation: You are mostly covered in rugged brown
                  | scales. (AC +2, +5% HP) [demonic ancestry]
 12500 | Lair:2   | Reached XP level 12. HP: 59/91 MP: 12/12
 12534 | Lair:2   | Found a staircase to the Snake Pit.
 12587 | Lair:2   | Received a gift from Trog
 12588 | Lair:2   | Reached skill level 5 in Armour
 12611 | Lair:2   | Identified the +1 plate armour "Xiankos" {rF- Regen+ Int+6}
 13230 | Lair:3   | Reached skill level 5 in Dodging
 13708 | Lair:4   | Noticed Urug
 13717 | Lair:4   | Killed Urug
 13813 | Lair:4   | Reached skill level 15 in Axes
 13903 | Lair:4   | Found a staircase to the Slime Pits.
 13903 | Lair:4   | Found a viscous altar of Jiyva.
 13903 | Lair:4   | Noticed Kirke
 13923 | Lair:4   | Killed Kirke
 13945 | Lair:4   | Gained mutation: You have a pair of large antennae on your
                  | head. (SInv) [demonic ancestry]
 13945 | Lair:4   | Reached XP level 13. HP: 92/100 MP: 13/13
 14024 | Lair:4   | Found a runed translucent door.
 14048 | Lair:4   | Noticed Snorg
 14063 | Lair:4   | Killed Snorg
 14112 | Lair:4   | Reached ****** piety under Trog
 14143 | Lair:4   | Found a sparkling altar of Nemelex Xobeh.
 14709 | Lair:4   | Noticed a minotaur
 14719 | Lair:4   | Killed a minotaur
 14983 | Lair:5   | Entered Level 5 of the Lair of Beasts
 16026 | Lair:5   | Reached skill level 16 in Axes
 16075 | Lair:5   | Got a curious book
 16365 | Orc:1    | Entered Level 1 of the Orcish Mines
 16549 | Orc:2    | Entered Level 2 of the Orcish Mines
 16622 | Orc:2    | Found a staircase to the Elven Halls.
 16669 | Orc:2    | Noticed Rupert
 16672 | Orc:2    | Paralysed by Rupert for 3 turns
 16679 | Orc:2    | Killed Rupert
 16757 | Orc:2    | Received a gift from Trog
 16758 | Orc:2    | Gained mutation: You regenerate health from kills. [demonic
                  | ancestry]
 16758 | Orc:2    | Reached XP level 14. HP: 111/111 MP: 14/14
 16909 | Orc:2    | Found Cuzecsa's Gadget Gallery.
 16981 | Orc:2    | Found Ibbeun's Assorted Antiques.
 16981 | Orc:2    | Found Tecw's Magic Scroll Emporium.
 16983 | Orc:2    | Found Hair Nas's Book Shoppe.
 16985 | Orc:2    | Found Areses's Assorted Antiques.
 16990 | Orc:2    | Bought a scroll of fear for 56 gold pieces
 16990 | Orc:2    | Bought a scroll of fog for 56 gold pieces
 17270 | Orc:1    | Identified a scroll of acquirement
 17388 | Orc:1    | Found Bafog's Overcharged Wands.
 17662 | D:11     | Found a runed translucent door.
 17758 | D:11     | Noticed orangepiccolo's ghost (journeyman MiBe)
 17873 | D:11     | Found Zaetekue's Assorted Antiques.
 17926 | D:11     | Bought a scroll of teleportation for 66 gold pieces
 17926 | D:11     | Bought a pair of embroidered boots for 165 gold pieces
 18018 | D:11     | Killed orangepiccolo's ghost
 18019 | D:11     | Reached skill level 10 in Shields
 18115 | D:12     | Noticed a red very ugly thing
 18116 | D:12     | Noticed Eraisuh's ghost (journeyman MfSh)
 18130 | D:12     | Found a one-way gate to the infinite horrors of the Abyss.
 18130 | D:12     | Found a transporter.
 18130 | D:12     | Found a transporter.
 18732 | D:13     | Noticed Nessos
 18732 | D:13     | Noticed Lodul
 18732 | D:13     | Found a gate to the Vaults.
 18741 | D:13     | Identified the +9 executioner's axe of Contradiction
                  | {heavy, Str+6} (Trog gifted it to you on level 13 of the
                  | Dungeon)
 18741 | D:13     | Received a gift from Trog
 18750 | D:13     | Killed Lodul
 18761 | D:13     | Killed Nessos
 19129 | D:13     | Found a frozen archway.
 19145 | D:13     | Reached skill level 17 in Axes
 19195 | IceCv    | Entered an ice cave
 19221 | IceCv    | Found the +4 skin of Zhor {*Englaciate rC+++ SInv}
 19608 | IceCv    | Noticed a frost giant
 19618 | IceCv    | Reached skill level 1 in Shapeshifting
 19625 | IceCv    | Gained mutation: You regenerate a lot of health from kills.
                  | [demonic ancestry]
 19625 | IceCv    | Reached XP level 15. HP: 110/120 MP: 15/15
 19634 | IceCv    | Killed a frost giant
 20005 | D:13     | Reached skill level 10 in Fighting
 20979 | D:14     | Received a gift from Trog
 21330 | D:15     | Entered Level 15 of the Dungeon
 21600 | D:15     | Found a hide-covered altar of Uskayaw.
 21614 | D:15     | Noticed Josephine
 21621 | D:15     | Killed Josephine
 22067 | D:15     | Found a staircase to the Depths.
 22097 | D:15     | Reached skill level 18 in Axes
 22097 | D:15     | Reached skill level 5 in Shapeshifting
 22436 | Snake:1  | Entered Level 1 of the Snake Pit
 22454 | Snake:1  | Gained mutation: You are completely covered in rugged brown
                  | scales. (AC +3, +7% HP) [demonic ancestry]
 22454 | Snake:1  | Reached XP level 16. HP: 120/132 MP: 16/16
 22562 | Snake:1  | You fall into a shaft and drop 1 floor!
 22705 | Snake:2  | Noticed Louise
 22726 | Snake:2  | Killed Louise
 22726 | Snake:2  | Received a gift from Trog
 23256 | Snake:2  | Noticed Vashnia
 23319 | Snake:2  | Killed Vashnia
 23777 | Snake:3  | Reached skill level 10 in Armour
 24064 | Snake:3  | Received a gift from Trog
 24070 | Snake:3  | Found Ucheus's Vocational Training.
 24672 | Snake:4  | Entered Level 4 of the Snake Pit
 24698 | Snake:4  | Reached skill level 10 in Dodging
 24718 | Snake:4  | Noticed Saint Roka
 24747 | Snake:4  | Killed Saint Roka
 25130 | Snake:4  | Reached XP level 17. HP: 132/141 MP: 17/17
 25310 | Snake:4  | Received a gift from Trog
 25503 | Snake:4  | Reached skill level 19 in Axes
 25608 | Snake:4  | Got a serpentine rune of Zot
 25690 | Snake:4  | Acquired the +3 pair of mountain boots {steadfast, rC+}
 25690 | Snake:4  | Found the +3 pair of mountain boots {steadfast, rC+}
 26162 | Snake:1  | Received a gift from Trog
 26419 | Snake:1  | Found Tanenaga's Dragon-Slaying Spoils.
 26426 | Snake:1  | Bought +0 gold dragon scales for 1280 gold pieces
 27072 | Shoals:1 | Entered Level 1 of the Shoals
 27358 | Shoals:1 | Noticed a kraken
 27380 | Shoals:1 | Killed a kraken
 27510 | Shoals:1 | Gained mutation: You frequently emit foul miasma when
                  | damaged in melee. [demonic ancestry]
 27510 | Shoals:1 | Reached XP level 18. HP: 149/150 MP: 18/18
 27584 | Shoals:1 | Found Hizis's Antique Weapon Boutique.
 27719 | Shoals:1 | Acquired a manual of Shapeshifting
 28361 | Shoals:2 | Noticed Ilsuiw
 28423 | Shoals:2 | Killed Ilsuiw
 28514 | Shoals:2 | Received a gift from Trog
 28559 | Shoals:2 | Noticed Donald
 28576 | Shoals:2 | Slain by Donald

Illustrated notes

Levels and vault maps discovered:
D:1:      roderic_chinese_lattice_arrival, layout_basic,
          ebering_ecumenical_altar_mist
D:2:      layout_basic, corexii_corridor_pit
D:3:      layout_basic, bloody_trog, nicolae_wu_jian_wuxing_cycle,
          serial_co_window_serial, co_window_paths_a, co_window_corner_a,
          co_window_of_opportunity_a, co_window_corner_a, co_window_corner_a,
          co_window_corner_a, co_window_paths_b, co_window_cross_2,
          co_window_corner_ca, co_window_broadway_a, co_window_broadway_b,
          co_window_4corner_a, co_window_paths_e, glass_columns_b,
          glass_columns_b, uniq_ijyb
D:4:      layout_basic, general_overflow_altar,
          minmay_temple_entry_drinking_statues, nicolae_elevator_lobby_plus
D:5:      layout_basic, minmay_joined_circles, uniq_menkaure
D:6:      layout_loops_corners, evilmike_ruin_ashenzari,
          amcnicky_mini_corridor_feature
D:7:      layout_basic, nemelex_xobeh_ov_fountains_minmay,
          kennysheep_generic_room_14, uniq_joseph
D:8:      layout_basic, kennysheep_little_box, nicolae_qazlal_beasts_of_the_sky,
          serial_shops, nicolae_shop_tiny_statue_garden
D:9:      layout_basic, lemuel_tele_altar, zin_academy,
          mainiacjoe_overflow_24_doors,
          mainiacjoe_overflow_concentric_impassable, orc_0_dummy,
          chequers_decorated_corner, nicolae_figureground_sparkle, uniq_erica,
          uniq_maggie
D:10:     layout_stronghold, dpeg_oklobed_lair
D:11:     layout_rooms, ebering_ghost_reflecting_pool, kennysheep_windowed_goal
D:12:     layout_rooms, gammafunk_ghost_abyssal_escape
D:13:     layout_loops_ring, david_vaults_3, portal_ice_cave_demonic_guard
D:14:     layout_loops_ring, skrybe_limestone_x, onia_ninara_cookie
D:15:     hangedman_depths_entry_try_elsewhere_first, layout_rooms,
          roderic_lattice_a, st_stairs_11, dancing_weapons_uskayaw,
          uniq_josephine
Temple:   minmay_freezing_vapour_temple
Lair:1:   layout_small_grid
Lair:2:   layout_small_grid, minmay_shoals_entry_beasts,
          alex1729_snake_entry_snake, serial_bayou_shore_b,
          infiniplex_staircase_pool_2, uniq_fannar
Lair:3:   wander_river, layout_loops_ring, beast_lair_carwin_1,
          grunt_megastairs_2
Lair:4:   dreamdust_labyrinth, layout_regular_city, slime_entry_1, basic_altar,
          uniq_kirke, uniq_urug, uniq_snorg
Lair:5:   minmay_lair_end_enchanted_forest, layout_small_grid,
          grunt_megastairs_3
Shoals:1: nicolae_shoals_deep_elves_summer_vacation, layout_shoals,
          serial_shops, shop
Shoals:2: layout_shoals, uniq_ilsuiw, uniq_donald
Snake:1:  layout_chambers, nicolae_shop_dragon_depot, nicolae_triple_integral
Snake:2:  layout_chambers, uniq_vashnia, uniq_louise
Snake:3:  layout_layer_cave, nicolae_shop_vocational, lemuel_fruit_tree
Snake:4:  grunt_snake_rune_serpentine_throne, layout_grid_shapes, serial_bayou,
          serial_bayou_pond_c, serial_bayou_pond_d, serial_bayou_pond_d,
          serial_bayou_ford_a, serial_bayou_pond_c, serial_bayou_shore_b,
          uniq_saint_roka
Orc:1:    layout_caves, nicolae_shop_overcharged_wands
Orc:2:    st_orc_rangers, layout_diamond_mine, nicolae_shop_gadgets, uniq_rupert

Skill      XL: |  1  2  3  4  5  6  7  8  9 10 11 12 13 14 15 16 17 18 |
---------------+-------------------------------------------------------+-----
Axes           | 3 4 5 6 7 9 10 12 13 14 15 16 17 18 19 | 19.4
Shields        | 3 5 6 7 8 9 10 11 12 | 12.6
Armour         | 3 4 6 7 8 9 10 11 | 11.3
Dodging        | 2 4 6 7 8 9 10 11 | 11.1
Fighting       | 4 5 7 8 9 10 11 12 | 12.6
Shapeshifting  | 1 5 7 9 |  9.7

Action                     |  1- 3 |  4- 6 |  7- 9 | 10-12 | 13-15 | 16-18 || total
---------------------------+-------+-------+-------+-------+-------+-------++-------
  Melee: Hand axe          |   124 |   164 |   329 |   139 |       |       ||   756
         Punch             |       |     4 |     2 |       |       |       ||     6
         Unarmed           |       |    16 |       |       |       |       ||    16
         War axe           |       |       |       |   503 |       |       ||   503
         Broad axe         |       |       |       |    95 |  1518 |  1241 ||  2854
  Throw: Javelin           |       |       |       |       |     1 |       ||     1
 Invoke: Berserk           |     4 |     3 |     7 |     5 |    13 |     4 ||    36
         Trog's Hand       |       |       |     3 |     1 |     4 |     3 ||    11
         Brothers in Arms  |       |       |       |       |     2 |     1 ||     3
    Use: Potion            |       |       |     1 |       |     1 |     3 ||     5
         Scroll            |       |       |     6 |     1 |    17 |    10 ||    34
   Stab: Sleeping          |     2 |       |       |       |       |       ||     2
         Petrified         |       |       |       |     2 |     7 |       ||     9
         Distracted        |       |       |       |       |     2 |       ||     2
         Petrifying        |       |       |       |       |     5 |       ||     5
 Armour: Animal skin       |    63 |       |       |       |       |       ||    63
         Ring mail         |    23 |   107 |   227 |       |       |       ||   357
         Skin              |       |     5 |       |       |       |       ||     5
         Acid dragon scale |       |       |     7 |   214 |       |       ||   221
         Plate armour      |       |       |       |   120 |   867 |   892 ||  1879
         Troll leather arm |       |       |       |       |     9 |       ||     9
         Gold dragon scale |       |       |       |       |       |    14 ||    14
  Dodge: Dodged            |    80 |    92 |   130 |   397 |   621 |   593 ||  1913
  Block: Kite shield       |       |       |    75 |   306 |  1228 |   909 ||  2518
         Reflection        |       |       |       |       |    91 |   140 ||   231

Table legend: (Time is in decaauts)
 A = Elapsed time spent in this place.
 B = Non-inter-level travel time spent in this place.
 C = Inter-level travel time spent in this place.
 D = Time resting spent in this place.
 E = Time spent auto-exploring this place.
 F = Levels seen in this place.
 G = Mean time per level.
                   A        B        C        D        E       F      G
               +--------+--------+--------+--------+--------+-----+--------+
         Total |  28386 |  26885 |   1501 |   1654 |  18971 |  30 |  946.2 |
       Dungeon |  15220 |  14379 |    841 |   1217 |  10296 |  15 | 1014.7 |
        Temple |      1 |      1 |      0 |      0 |      0 |   1 |    1.0 |
          Lair |   5490 |   5082 |    408 |    347 |   3602 |   5 | 1098.0 |
        Shoals |   1409 |   1393 |     16 |      0 |    873 |   2 |  704.5 |
     Snake Pit |   4476 |   4312 |    164 |     72 |   3117 |   4 | 1119.0 |
  Orcish Mines |   1134 |   1064 |     70 |     17 |    759 |   2 |  567.0 |
      Ice Cave |    652 |    652 |      0 |      0 |    322 |   1 |  652.0 |
               +--------+--------+--------+--------+--------+-----+--------+

Top non-repeatable levels by time:
     D:6: 1481 daAuts
 Snake:1: 1393 daAuts
     D:4: 1389 daAuts
     D:3: 1317 daAuts
     D:9: 1305 daAuts
  Lair:4: 1298 daAuts
     D:5: 1270 daAuts
  Lair:2: 1232 daAuts
  Lair:5: 1231 daAuts
 Snake:2: 1152 daAuts
    D:14: 1110 daAuts
    D:10: 1088 daAuts
 Snake:4: 1018 daAuts
  Lair:1: 980 daAuts
     D:1: 972 daAuts
